 Dungeon Crawl Stone Soup version 0.30.1-9-gdf580d7c3d (webtiles) character file.

Game seed: 4378399924204739901

50 tizbic2 the Conjurer (level 3, -4/28 HPs)
             Began as a Demigod Conjurer on Sept 25, 2023.
             Slain by Robin
             ... wielding a +0 falchion
              (8 damage)
             ... on level 2 of the Dungeon.
             The game lasted 00:07:29 (1279 turns).

tizbic2 the Conjurer (Demigod Conjurer)             Turns: 1279, Time: 00:07:29

Health: -4/28      AC:  3    Str:  8    XL:     3   Next: 35%
Magic:  6/8        EV: 11    Int: 24    God:
Gold:   106        SH:  0    Dex: 12    Spells: 3/6 levels left

rFire   . . .        h - staff of cold
rCold   + . .        (no shield)
rNeg    . . .        j - +0 leather armour
rPois   .            (no helmet)
rElec   .            (no cloak)
rCorr   .            (no gloves)
SInv    .            (no boots)
Will    .....        (no amulet)
Stlth   ++           (no ring)
HPRegen 0.24/turn    (no ring)
MPRegen 0.11/turn

%: no passive effects
@: no status effects
A: high MP 1, forlorn, divine attributes
a: no special abilities


You were on level 2 of the Dungeon.
You visited 1 branch of the dungeon, and saw 2 of its levels.

You collected 106 gold pieces.

Inventory:

Hand Weapons
 e - a +0 dagger
Armour
 a - a +0 scale mail
 j - a +0 leather armour (worn)
Magical Staves
 h - a staff of cold (weapon)
Jewellery
 k - a ring of see invisible
Scrolls
 f - 2 scrolls of identify {unknown}
 g - 2 scrolls of enchant weapon {unknown}
Potions
 c - 2 potions of attraction {unknown}
 d - a potion of lignification {unknown}
 i - a potion of heal wounds
 l - a potion of flight {unknown}


   Skills:
 + Level 1.2 Fighting
 - Level 1.7 Dodging
 - Level 1.7 Stealth
 + Level 2.2 Spellcasting
 * Level 4.2 Conjurations
 + Level 0.7 Ice Magic


You had 3 spell levels left.
You knew the following spells:

 Your Spells              Type           Power      Damage    Failure   Level
a - Magic Dart            Conj           88%        1d7       3%          1
b - Searing Ray           Conj           44%        2d6       4%          2

Your spell library contained the following spells:

 Spells                   Type           Power      Damage    Failure   Level
 Momentum Strike          Conj/Tloc      24%        3d8       11%         2
 Dazzling Flash           Conj/Hex       24%        N/A       22%         3
 Blink                    Tloc           4%         N/A       26%         2
 Lesser Beckoning         Tloc           4%         N/A       26%         2
 Fulminant Prism          Conj/Hex       6%         3d7       58%         4
 Iskenderun's Mystic Bla  Conj/Tloc      12%        2d5       58%         4


Dungeon Overview and Level Annotations

Branches:
Dungeon (2/15)

Shops:
D:1 =

Annotations:
D:2 Robin


Innate Abilities, Weirdness & Mutations

You have an increased reservoir of magic. (+10% MP)
You shall have no god before yourself.
Your divine heritage dramatically boosts your attributes as you level up.


Message History

Aiming: Searing Ray (safe; 4% risk of failure)
Press: ? - help, Shift-Dir - straight line, f - hobgoblin
Aim: a hobgoblin (strong, 78% to hit)
The searing ray hits Robin.
Robin is heavily wounded.
The searing ray hits the hobgoblin!
You kill the hobgoblin! (Press . to maintain the ray.) Robin hits you with a +0 falchion.
Without enough magic to sustain it, your searing ray dissipates.
Robin hits you but does no damage.
A goblin comes into view. It is wielding a +0 club.
The goblin shouts!
You hit Robin but do no damage.
Robin is heavily wounded.
Robin hits you with a +0 falchion.
You hit Robin.
Robin is severely wounded.
Robin hits you with a +0 falchion.
Casting: Searing Ray (safe; 4% risk of failure)
Confirm with . or Enter, or press ? or * to list all spells.
Aiming: Magic Dart (safe; 3% risk of failure)
Press: ? - help, Shift-Dir - straight line, f - Robin
Aim: Robin, wielding a +0 falchion, wearing a +0 animal skin and wearing a +0 helmet (severely wounded, 100% to hit)
The magic dart hits Robin but does no damage.
Robin is severely wounded.
The goblin shouts!
You hear a shout!
Robin hits you with a +0 falchion.
* * * LOW HITPOINT WARNING * * *
Magic courses through your body. Robin closely misses you.
Casting: Magic Dart (safe; 3% risk of failure)
Confirm with . or Enter, or press ? or * to list all spells.
Aiming: Searing Ray (safe; 4% risk of failure)
Press: ? - help, Shift-Dir - straight line, f/p - Robin
Aim: Robin, wielding a +0 falchion, wearing a +0 animal skin and wearing a +0 helmet (severely wounded, 84% to hit)
The searing ray misses Robin. (Press . to maintain the ray.) Robin says, "My goblins will feast on your bones."
Robin hits you with a +0 falchion!
You die...

###....## #.#.##.#
####....#.# #.#.##.#
#....##...# #......#
..##..##.'## ###.####
#..#...## ##.##
#S..)#.†.†.## ###.#.##
....#.)..#..)g## ##..###.#
...#..#.##.g...####....#.##
. ##..##.....!g@.......##
##.?...)...####....##
.........## ##.#.#
.....!...## ###.#
######...## #.# ##+## #.#
### #.# ##.## #.#
##...###.#


You could see Robin and 2 goblins.

Vanquished Creatures
  An adder (D:2)
  A dart slug (D:1)
  5 bats
  4 endoplasms
  A giant cockroach (D:1)
  6 hobgoblins
  A jackal (D:2)
  2 quokkas (D:1)
  3 ball pythons
  6 goblins
  4 kobolds
  A rat (D:1)
35 creatures vanquished.

Notes
Turn   | Place    | Note
-------+----------+-------------------------------------------
     0 | D:1      | tizbic2 the Demigod Conjurer began the quest for the Orb.
     0 | D:1      | Reached XP level 1. HP: 14/14 MP: 5/5
   139 | D:1      | Found Minulonu's Jewellery Emporium.
   275 | D:1      | Reached XP level 2. HP: 18/22 MP: 5/7
   547 | D:1      | Learned a level 2 spell: Searing Ray
   675 | D:1      | Reached skill level 4 in Conjurations
   930 | D:2      | Noticed Robin
   931 | D:2      | Reached skill level 1 in Fighting
  1172 | D:2      | Reached XP level 3. HP: 23/28 MP: 4/8
  1279 | D:2      | Slain by Robin

Illustrated notes

Levels and vault maps discovered:
D:1:      ebering_trefoil_3fold, layout_loops_ring, serial_shops, shop
D:2:      layout_loops_corners, basic_altar, minmay_pentomino_w4, uniq_robin

Skill      XL: |  1  2 |
---------------+-------+-----
Spellcasting   | 2 |  2.2
Conjurations   | 4 |  4.2
Fighting       | 1 |  1.2
Dodging        | |  1.7
Stealth        | |  1.7
Ice Magic      | |  0.7

Action                     || total
---------------------------++-------
  Melee: Dagger            ||    21
         Punch             ||     1
         Staff             ||    18
   Cast: Magic Dart        ||    32
         Searing Ray       ||    10
    Use: Scroll            ||     1
         Potion            ||     1
 Armour: Robe              ||     7
         Leather armour    ||    13
  Dodge: Dodged            ||    47
